 Dungeon Crawl Stone Soup version 0.14-a0-1330-g3eed206 (webtiles) character file.

1139 M4edhros the Gusty (level 8, -8/46 HPs)
             Began as an Octopode Air Elementalist on Dec 7, 2013.
             Mangled by an iguana (10 damage)
             ... on Level 5 of the Dungeon.
             The game lasted 00:09:51 (4382 turns).

M4edhros the Gusty (Octopode Air Elementalist)      Turns: 4382, Time: 00:09:51

HP  -8/46        AC  1     Str  8      XL: 8   Next: 19%
MP  16/20        EV 17     Int 19      God:
Gold 139         SH  0     Dex 14 (17) Spells:  2 memorised, 14 levels left

rFire  . . .     SeeInvis .     q - +2 elf dagger (venom)
rCold  . . .     Clarity  .     (no shield)
rNeg   . . .     Conserve .     (helmet restricted)
rPois  .         rCorr    .     (no amulet)
rElec  .         rRot     .     (no ring)
SustAb . .       Spirit   .     (no ring)
rMut   .         Warding  .     (no ring)
Saprov . . .     Stasis   .     (no ring)
                                (no ring)
                                (no ring)
                                (no ring)
                                (no ring)

@: agile, slightly resistant to hostile enchantments, very stealthy
A: almost no armour, amphibious, 8 rings, constrict 8, camouflage 1, gelatinous
body 1
a: no special abilities


You were on level 5 of the Dungeon.
You were very hungry.

You visited 1 branch of the dungeon, and saw 5 of its levels.
You also visited: Sewer.

You collected 139 gold pieces.

Inventory:

Hand weapons
 d - a +0,+0 short sword
 q - a +2,+2 elven dagger of venom (weapon)
Armour
 a - a +0 large shield
Comestibles
 c - 4 bread rations
 g - 2 meat rations
 h - 9 strawberries
 t - a beef jerky
 u - a banana
Scrolls
 e - 2 scrolls of enchant weapon I {unknown}
 f - a scroll of immolation {unknown}
 i - a scroll of curse weapon {unknown}
 j - 3 scrolls of identify
 k - 5 scrolls of teleportation
 l - 2 scrolls of magic mapping {unknown}
 n - a scroll of recharging {unknown}
 o - 3 scrolls of remove curse {unknown}
 r - 4 scrolls of fear {unknown}
 s - 2 scrolls of random uselessness {unknown}
Books
 b - a book of Air

   Spells                             Type                      Level
   *Shock                             Conjuration/Air              1
   Swiftness                          Charms/Air                   2
   Repel Missiles                     Charms/Air                   2
   Flight                             Charms/Air                   3
   Static Discharge                   Conjuration/Air              3
   Lightning Bolt                     Conjuration/Air              5
 m - a book of Conjurations

   Spells                             Type                      Level
   Magic Dart                         Conjuration                  1
   *Searing Ray                       Conjuration                  2
   Dazzling Spray                     Conjuration/Hexes            3
   Iskenderun's Mystic Blast          Conjuration                  4
   Iskenderun's Battlesphere          Conjuration/Charms           4
   Fulminant Prism                    Conjuration/Hexes            5
 p - the Reference Book on Floating Bewitchment
   (You found it on level 4 of the Dungeon)

   Spells                             Type                      Level
   Corona                             Hexes                        1
   Repel Missiles                     Charms/Air                   2
   Dazzling Spray                     Conjuration/Hexes            3
   Airstrike                          Air                          4
   Enslavement                        Hexes                        4
   Freezing Cloud                     Conjuration/Ice/Air          6


   Skills:
 - Level 2.0 Dodging
 - Level 2.6 Stealth
 + Level 5.4 Spellcasting
 + Level 5.2 Conjurations
 + Level 5.9 Air Magic


You had 14 spell levels left.
You knew the following spells:

 Your Spells              Type           Power        Failure   Level  Hunger
a - Shock                 Conj/Air       ####         1%          1    None
b - Searing Ray           Conj           ####..       1%          2    None


Dungeon Overview and Level Annotations

Branches:
Dungeon (5/16)
 Temple: D:4-7

Altars:

Annotations:
D:2 Terence
D:5 Dowan, Duvessa


Innate Abilities, Weirdness & Mutations

You cannot wear most types of armour.
You are amphibious.
You can wear up to eight rings at the same time.
You can use your tentacles to constrict many enemies at once.
Your skin changes colour to match your surroundings (Stlth).
Your rubbery body absorbs attacks (AC +1).


Message History

Confirm with . or Enter, or press ? or * to list all spells.
Aiming: Searing Ray
Press: ? - help, Shift-Dir - straight line, f - Duvessa
Aim: Duvessa, wielding an elven sabre and wearing an elven ring mail (moving very quickly)
The searing ray hits Duvessa.
Duvessa is lightly wounded.
Dowan smirks and points a slender finger.
The searing ray hits Duvessa.
Duvessa is lightly wounded.
Duvessa hits you with an elven sabre.
The searing ray hits Duvessa.
Duvessa is moderately wounded.
Duvessa hits you with an elven sabre! The iguana bites you.
* * * LOW HITPOINT WARNING * * *
Duvessa hits you with an elven sabre!
* * * LOW HITPOINT WARNING * * *
Drink which item? (? for menu, Esc to quit)
You feel agile all of a sudden.
It was a potion of agility.
The iguana bites you!
You die...

##'##..##.########..###.#
#..'..##.# #......#
#..#..##.########.##.#.#
##'##...........).c....#
...#.##...#######.#.###
..#.###..# ###.#.#
+##...#..# #.....#
#.......# #.#.### ####
#..###.@# #g...#
####..####P.###le# #.#.#.#
#(.(((c.........e.#.##.#..
.....5l.............e....#
.#(####.............##.##.
.#........!.#.#####..#. #
#############. .#..
.........>.... ##
#############.


You could see Duvessa, Dowan and an iguana.

Vanquished Creatures
  An ice beast (D:5)
  2 ogres (D:4)
  A centaur (D:5)
  3 big kobolds (Sewer)
  A crimson imp (D:5)
  An orc wizard (D:4)
  5 worker ants
  2 hound zombies (D:5)
  6 adders
  A giant centipede (D:4)
  9 green rats
  2 giant mites (D:4)
  An inept item mimic (D:1)
  A worm (D:4)
  A grey rat (D:4)
  4 giant geckos
  9 orcs
  9 goblins
  12 hobgoblins
  3 jackals (D:1)
  2 quokkas
  3 bats
  3 giant cockroaches
  2 giant newts (D:2)
  A hobgoblin skeleton (D:4)
  17 kobolds
  9 rats
111 creatures vanquished.

Notes
Turn   | Place    | Note
--------------------------------------------------------------
     0 | D:1      | M4edhros, the Octopode Air Elementalist, began the quest for the Orb.
     0 | D:1      | Reached XP level 1. HP: 11/11 MP: 3/3
   466 | D:1      | Reached XP level 2. HP: 17/17 MP: 4/4
   594 | D:1      | Reached XP level 3. HP: 18/21 MP: 6/6
  1204 | D:2      | Noticed Terence
  1338 | D:4      | Learned a level 2 spell: Searing Ray
  1357 | D:4      | Reached XP level 4. HP: 7/27 MP: 0/8
  1359 | D:4      | Paralysed by a potion of paralysis for 7 turns
  1446 | D:4      | Noticed an ogre
  1466 | D:4      | HP: 1/27 [ogre/giant club (26)]
  1468 | D:4      | Killed an ogre
  1468 | D:4      | Reached skill level 4 in Air Magic
  1468 | D:4      | Reached XP level 5. HP: 1/31 MP: 0/11
  1694 | D:4      | HP: 1/31 [worker ant (3)]
  1867 | D:4      | Reached XP level 6. HP: 22/36 MP: 9/13
  1946 | D:4      | Identified the Reference Book on Floating Bewitchment
  2241 | D:4      | Found a glowing drain.
  2391 | Sewer    | Entered a sewer
  2847 | Sewer    | Reached XP level 7. HP: 41/41 MP: 17/17
  2928 | Sewer    | Reached skill level 5 in Air Magic
  3157 | D:4      | Noticed an ogre
  3166 | D:4      | Killed an ogre
  3268 | D:5      | Entered Level 5 of the Dungeon
  3578 | D:5      | Noticed Dowan
  4063 | D:5      | Reached skill level 5 in Spellcasting
  4063 | D:5      | Reached skill level 5 in Conjurations
  4063 | D:5      | Reached XP level 8. HP: 29/46 MP: 17/20
  4376 | D:5      | Noticed Duvessa
  4381 | D:5      | HP: 2/46 [Duvessa/elven sabre (9)]
  4382 | D:5      | Mangled by an iguana

Action                   |  1- 3 |  4- 6 |  7- 9 || total
-------------------------+-------+-------+-------++-------
Melee: Short sword       |    61 |    54 |     8 ||   123
       Unarmed           |     4 |       |       ||     4
       Dagger            |       |       |    96 ||    96
 Cast: Shock             |     9 |    53 |    10 ||    72
       Searing Ray       |     1 |       |     1 ||     2
  Use: Potion            |     3 |     6 |     5 ||    14
       Scroll            |       |       |     3 ||     3
 Stab: Sleeping          |     6 |     4 |     7 ||    17
